 Dungeon Crawl Stone Soup version 0.31-a0-259-g771a54ca4b (webtiles) character file.

Game seed: 17460761596156356532

190 qw the Shooter (level 5, -7/31 HPs)
             Began as a Gargoyle Hexslinger on July 13, 2023.
             Killed by divine providence
             ... invoked by an orc priest
              (12 damage)
             ... on level 3 of the Dungeon.
             The game lasted 00:00:40 (1589 turns).

qw the Shooter (Gargoyle Hexslinger)                Turns: 1589, Time: 00:00:41

Health: -7/31      AC:  9    Str: 11    XL:     5   Next: 69%
Magic:  6/6        EV: 10    Int: 14    God:
Gold:   113        SH:  0    Dex: 14    Spells: 5/6 levels left

rFire   . . .        Y - +2 sling (freeze)
rCold   . . .        (no shield)
rNeg    + . .        j - +0 ring mail
rPois   inf          (no helmet)
rElec   +            (no cloak)
rCorr   .            (no gloves)
SInv    .            (no boots)
Will    .....        (no amulet)
Stlth   +            (no ring)
HPRegen 0.25/turn    (no ring)
MPRegen 0.10/turn

%: no passive effects
@: no status effects
A: sickness immunity, AC +4, negative energy resistance 1, electricity
resistance, torment resistance 1, petrification resistance
a: no special abilities


You were on level 3 of the Dungeon.
You visited 1 branch of the dungeon, and saw 3 of its levels.

You collected 113 gold pieces.


Innate Abilities, Weirdness & Mutations

You are immune to sickness and miasma.
Your stone body is resilient. (AC +4)
You are immune to poison.
You resist negative energy. (rN+)
You are resistant to electric shocks. (rElec)
You are resistant to unholy torment.
You are immune to petrification.


   Skills:
 + Level 2.6 Fighting
 - Level 5.0 Ranged Weapons
 - Level 1.2 Armour
 - Level 1.5 Dodging
 - Level 1.0 Spellcasting
 - Level 2.6 Hexes


You had 5 spell levels left.
You knew the following spells:

 Your Spells              Type           Power      Damage    Failure   Level
a - Slow                  Hex            32%        N/A       21%         1

Your spell library contained the following spells:

 Spells                   Type           Power      Damage    Failure   Level
 Inner Flame              Hex/Fire       4%         N/A       71%         3
 Portal Projectile        Hex/Tloc       8%         N/A       71%         3
 Cause Fear               Hex            4%         N/A       90%         4

Inventory:

Hand Weapons
 Y - a +2 sling of freezing (weapon)
Armour
 j - a +0 ring mail (worn)
Scrolls
 a - 2 scrolls of identify
 k - 2 scrolls of teleportation
Potions
 b - a potion of haste
 c - a potion of heal wounds {unknown}
 d - a potion of mutation {unknown}
 f - a potion of resistance {unknown}
 l - a potion of might {unknown}

Dungeon Overview and Level Annotations

Branches:
Dungeon (3/15)

Altars:
Xom


Message History

The orc priest is moderately wounded.
You shoot a sling bullet.
The sling bullet hits the orc priest but does no damage.
The orc priest is moderately wounded.
The orc priest hits you but does no damage.
You shoot a sling bullet.
The sling bullet closely misses the orc priest.
The orc priest hits you with a +0 flail!
You shoot a sling bullet.
The sling bullet closely misses the orc priest.
The orc priest hits you but does no damage.
The orc priest hits you with a +0 flail.
You shoot a sling bullet.
The sling bullet barely misses the orc priest.
The orc priest mumbles some strange prayers to Beogh against you.
Pain shoots through your body!
You shoot a sling bullet.
The sling bullet barely misses the orc priest.
The orc priest barely misses you.
You shoot a sling bullet.
The sling bullet closely misses the orc priest.
The orc priest hits you with a +0 flail.
You shoot a sling bullet.
The sling bullet barely misses the orc priest.
The orc priest hits you but does no damage.
The orc priest begins to cast a cantrip, but forgets the words!
You shoot a sling bullet. The sling bullet hits the orc priest.
The sling bullet freezes the orc priest.
The orc priest is heavily wounded.
The orc priest hits you with a +0 flail!
You shoot a sling bullet. The sling bullet hits the orc priest.
The sling bullet freezes the orc priest.
The orc priest is almost dead.
The orc priest hits you with a +0 flail.
You shoot a sling bullet.
The sling bullet closely misses the orc priest.
The orc priest hits you with a +0 flail.
The orc priest invokes the aid of Beogh against you.
Beogh smites you!
You die...

..# #.. .. <... ###.# ..... #
#...## #... #.## ##.... ...
#..####.o.# #...........@# ##
#.##.#.#####.# #. ###
#....#..##...# #.###..
#..#....#..############.#...#
###..#
#....####............###
##....###...###...#########.##
#..##.......#...### #..[....#
##.###..###....### #.#######
...###..##....## #.#


You could see an orc priest.

Vanquished Creatures
  A black bear (D:2)
  Jessica (D:2)
  2 adders
  A worm (D:2)
  A dart slug (D:3)
  4 ball pythons
  8 bats
  5 endoplasms
  A giant cockroach (D:2)
  4 goblins
  3 hobgoblins
  4 kobolds
  3 frilled lizards
  5 rats
43 creatures vanquished.

Notes
Turn   | Place    | Note
-------+----------+-------------------------------------------
     0 | D:1      | qw the Gargoyle Hexslinger began the quest for the Orb.
     0 | D:1      | Reached XP level 1. HP: 12/12 MP: 2/2
     0 | D:1      | 0 ||| qw: Version: 0.3-a-52-g30416fa
     0 | D:1      | 0 ||| qw: Game counter: 6880
     0 | D:1      | 0 ||| qw: Melee chars always use a shield: true
     0 | D:1      | 0 ||| qw: God list: Okawaru
     0 | D:1      | 0 ||| qw: Allow faded altars: false
     0 | D:1      | 0 ||| qw: Do Orc after clearing Dungeon:15 true
     0 | D:1      | 0 ||| qw: Do second Lair branch before Depths: true
     0 | D:1      | 0 ||| qw: Lair rune preference: random
     0 | D:1      | 0 ||| qw: Goals: Normal
     0 | D:1      | 0 ||| PLANNING D:1-11
   128 | D:1      | Found a faded altar of an unknown god.
   161 | D:1      | Reached XP level 2. HP: 16/16 MP: 3/3
   416 | D:1      | 416 ||| UPGRADING to +0 leather armour.
   426 | D:1      | 426 ||| DROPPING +0 robe.
   434 | D:1      | Found a shimmering altar of Xom.
   435 | D:1      | 435 ||| READING 2 scrolls labelled GUREDO JORUDAS.
   436 | D:1      | 436 ||| READING scroll labelled XISUIN OXEFEUL.
   438 | D:1      | 438 ||| READING scroll labelled JUUNAGG QAVE.
   444 | D:1      | 444 ||| DROPPING scroll of poison.
   480 | D:2      | Reached skill level 3 in Ranged Weapons
   484 | D:2      | Noticed Jessica
   487 | D:2      | Killed Jessica
   488 | D:2      | Reached XP level 3. HP: 22/22 MP: 4/4
   824 | D:2      | Reached XP level 4. HP: 26/27 MP: 5/5
   860 | D:2      | 860 ||| SWAPPING to +2 sling of freezing.
   861 | D:2      | 861 ||| DROPPING +1 sling.
  1204 | D:2      | 1204 ||| UPGRADING to +0 ring mail.
  1214 | D:2      | 1214 ||| DROPPING +0 leather armour.
  1215 | D:2      | 1215 ||| DROPPING ring of magical power.
  1216 | D:2      | 1216 ||| READING scroll labelled OLIQUD HOMIAS.
  1217 | D:2      | 1217 ||| READING scroll labelled OBLUCA NULU.
  1218 | D:2      | 1218 ||| READING 2 scrolls of identify.
  1218 | D:2      | 1218 ||| IDENTIFYING white potion
  1243 | D:3      | Noticed a black bear
  1247 | D:3      | 1247 ||| STAIRDANCE
  1254 | D:2      | Killed a black bear
  1255 | D:2      | Reached skill level 5 in Ranged Weapons
  1255 | D:2      | Reached XP level 5. HP: 22/31 MP: 6/6
  1454 | D:3      | Reached skill level 1 in Armour
  1589 | D:3      | HP: 5/31 [orc priest/+0 flail (4)]
  1589 | D:3      | Killed from afar by an orc priest

Levels and vault maps discovered:
D:1:      dpeg_arrival_lava_altar, layout_rooms, ebering_ecumenical_altar_webs
D:2:      layout_basic, serial_forest, infiniplex_forest_lined_2,
          infiniplex_forest_split, infiniplex_forest_lined_3,
          infiniplex_forest_diagonal, infiniplex_forest_clump_long,
          infiniplex_forest_lined_room_, infiniplex_forest_clump_cross,
          infiniplex_forest_end_2, infiniplex_forest_lined_2,
          minmay_tromino_v4_b, uniq_jessica
D:3:      layout_rooms, mainiacjoe_overflow_alcove_4

Skill      XL: |  1  2  3  4  5 |
---------------+----------------+-----
Ranged Weapons | 3 5 |  5.0
Fighting       | 2 |  2.6
Armour         | 1 |  1.2
Dodging        | |  1.5
Spellcasting   | |  1.0
Hexes          | |  2.6

Action                     |  1- 3 |  4- 6 || total
---------------------------+-------+-------++-------
   Fire: Sling             |    72 |    62 ||   134
    Use: Scroll            |     3 |     3 ||     6
 Armour: Robe              |     4 |       ||     4
         Leather armour    |    17 |     2 ||    19
         Ring mail         |       |    17 ||    17
  Dodge: Dodged            |    26 |    20 ||    46

Table legend:
 A = Non-vault XP
 B = Vault XP
 C = Vault XP percentage of total XP
 D = Non-vault monster count
 E = Vault monster count
 F = Vault count percentage of total count
                 A         B        C        D         E       F
            +---------+---------+-------+---------+---------+-------
      Total |     231 |      41 |  15.1 |      40 |       3 |   7.0
            +---------+---------+-------+---------+---------+-------
        D:1 |      18 |       0 |   0.0 |      10 |       0 |   0.0
        D:2 |     182 |      41 |  18.4 |      19 |       3 |  13.6
        D:3 |      31 |       0 |   0.0 |      11 |       0 |   0.0
            +---------+---------+-------+---------+---------+-------
